 Dungeon Crawl Stone Soup version 0.30-a0-782-ge64f9170bb (webtiles) character file.

Game seed: 7538212408468302350

508 Dirian the Chopper (level 6, -2/56 HPs)
             Began as a Minotaur Fighter on Mar 10, 2023.
             Killed from afar by Dowan (8 damage)
             ... with a shard of ice
             ... on level 4 of the Dungeon.
             The game lasted 00:05:43 (2479 turns).

Dirian the Chopper (Minotaur Fighter)               Turns: 2479, Time: 00:05:44

Health: -2/56      AC:  8    Str: 23    XL:     6   Next: 98%
Magic:  5/5        EV:  9    Int:  5    God:
Gold:   164        SH:  4    Dex:  9    Spells: 5/5 levels left

rFire   + . .      SeeInvis .    a - +0 war axe
rCold   . . .      Faith    .    c - +0 buckler
rNeg    . . .      Spirit   .    b - +0 scale mail
rPois   .          Reflect  .    (helmet restricted)
rElec   .          Harm     .    k - scarf {shadows}
rCorr   .          Rampage  .    (no gloves)
Will    .....                    e - +0 pair of boots Stlth
                                 (no amulet)
HPRegen 0.29/turn                n - ring of protection from fire
MPRegen 0.09/turn                (no ring)

@: lit by a corona, glowing
A: horns 2, retaliatory headbutt
a: no special abilities


You were on level 4 of the Dungeon.
You visited 1 branch of the dungeon, and saw 4 of its levels.

You collected 164 gold pieces.

Inventory:

Hand Weapons
 a - a +0 war axe (weapon)
 o - a +1 flail of draining
Armour
 b - a +0 scale mail (worn)
 c - a +0 buckler (worn)
 e - a +0 pair of boots (worn)
 k - a scarf of shadows (worn)
Jewellery
 n - a ring of protection from fire (left hand)
Scrolls
 l - a scroll of fog
 p - a scroll of immolation
 r - a scroll of identify
Potions
 f - a potion of flight {unknown}
 g - a potion of brilliance {unknown}
 h - 4 potions of haste
 i - a potion of magic {unknown}
 j - 2 potions of cancellation {unknown}
 m - a potion of heal wounds {unknown}


   Skills:
 + Level 5.1 Fighting
 + Level 6.3 Axes
 + Level 5.8 Armour
 + Level 4.7 Shields


You had 5 spell levels left.
You didn't know any spells.
Your spell library contained the following spells:

 Spells                   Type           Power      Damage    Failure   Level
 Magic Dart               Conj           0%         1d3       86%         1
 Blink                    Tloc           0%         N/A       94%         2
 Searing Ray              Conj           0%         2d4       94%         2
 Ignite Poison            Fire/Tmut/Pois 0%         N/A       99%         3
 Kindle Blastsparks       Fire/Tloc/Air  0%         2d10      99%         3
 Fulminant Prism          Conj/Hex       0%         3d5       100%        4
 Manifold Assault         Tloc           0%         N/A       100%        4
 Freezing Cloud           Conj/Ice/Air   0%         6-21      100%        5
 Storm Form               Tmut/Air       0%         N/A       100%        7


Dungeon Overview and Level Annotations

Branches:
Dungeon (4/15) Zot: 21457
 Temple: D:4-7

Altars:

Annotations:
D:3 1 runed translucent door, Crazy Yiuf
D:4 Dowan


Innate Abilities, Weirdness & Mutations

You have a pair of horns on your head.
You reflexively headbutt those who attack you in melee.


Message History

Duvessa hits you with a +0 short sword. Duvessa hits you but does no damage.
You slash Duvessa!
Duvessa is almost dead.
Duvessa hits you with a +0 short sword. You block Duvessa's attack.
You barely miss Duvessa.
Duvessa is almost dead.
Duvessa hits you with a +0 short sword. Dowan barely misses you.
You barely miss Duvessa. Your headbutt misses Duvessa.
Duvessa is almost dead.
You hit Dowan. Duvessa hits you with a +0 short sword!
Duvessa hits you with a +0 short sword.
Dowan casts a spell.
Dowan blinks!
You barely miss Duvessa.
Duvessa is almost dead.
Duvessa hits you with a +0 short sword. x2
* * * LOW HITPOINT WARNING * * *
You closely miss Duvessa.
Duvessa is almost dead.
Duvessa hits you with a +0 short sword!
* * * LOW HITPOINT WARNING * * *
Dowan gestures at you while chanting. You block the puff of frost.
Duvessa barely misses you.
You slash Duvessa!
You kill Duvessa!
Dowan screams, "No!
Oh no!"
Dowan seems to find hidden reserves of power!
Your life force feels restored.
Your Fighting skill increases to level 5!
Your Axes skill increases to level 6!
Things that are here:
a +0 short sword; a +0 leather armour; the elf corpse of Duvessa You miss Dowan.
Your headbutt misses Dowan.
Dowan is almost dead.
Dowan closely misses you.
Dowan gestures wildly while chanting.
Dowan blinks!
Dowan gestures at you while chanting. The shard of ice hits you!
You die...

#.#...#.#............#..#
#.....#...#.......####.#
#.....#..#.......## .
#.....###...#.#### #
..#...#..#..#..#
...#.#...###....
#...#...#...#...
.#..#..#.....#.. ..#
###.)@...... .#
#..#.....#.. #...#..e#...
#.#...###.... #...#..
#... #.....## #.# #.....
.#


You could see Dowan (fast).

Vanquished Creatures
  Duvessa (D:4)
  A necrophage (D:4)
  2 jellies (D:3)
  2 orc priests (D:3)
  An iguana (D:3)
  Robin (D:4)
  4 gnolls (D:2)
  4 adders
  2 worms
  2 dart slugs
  7 orcs (D:3)
  13 endoplasms
  A giant cockroach (D:3)
  15 goblins
  4 hobgoblins
  7 jackals (D:1)
  4 quokkas
  10 ball pythons
  5 bats
  2 frilled lizards (D:1)
  10 kobolds
  3 rats (D:1)
101 creatures vanquished.

Vanquished Creatures (others)
  4 fungi (D:3)
  A plant (D:3)
  8 toadstools (D:3)
13 creatures vanquished.

Grand Total: 114 creatures vanquished

Notes
Turn   | Place    | Note
-------+----------+-------------------------------------------
     0 | D:1      | Dirian the Minotaur Fighter began the quest for the Orb.
     0 | D:1      | Reached XP level 1. HP: 19/19 MP: 0/0
    78 | D:1      | Reached XP level 2. HP: 26/27 MP: 1/1
   417 | D:1      | Reached XP level 3. HP: 30/33 MP: 2/2
   700 | D:2      | Reached skill level 3 in Axes
   713 | D:2      | Reached XP level 4. HP: 22/40 MP: 3/3
  1300 | D:3      | Reached skill level 4 in Axes
  1300 | D:3      | Reached XP level 5. HP: 41/47 MP: 4/4
  1322 | D:3      | Found a faded altar of an unknown god.
  1415 | D:3      | Reached skill level 5 in Armour
  1827 | D:3      | Reached skill level 5 in Axes
  1831 | D:3      | Reached XP level 6. HP: 11/53 MP: 5/5
  2074 | D:3      | Found a runed translucent door.
  2082 | D:3      | Noticed Crazy Yiuf
  2265 | D:4      | Noticed Robin
  2280 | D:4      | Killed Robin
  2460 | D:4      | Noticed Dowan
  2463 | D:4      | Noticed Duvessa
  2476 | D:4      | Killed Duvessa
  2477 | D:4      | Reached skill level 5 in Fighting
  2477 | D:4      | Reached skill level 6 in Axes
  2479 | D:4      | Killed from afar by Dowan

Illustrated notes

Levels and vault maps discovered:
D:1:      amcnicky_arrival_double_pillar, layout_loops_ring
D:2:      layout_basic
D:3:      cheibrodos_fertilizer, layout_basic, dreamdust_ecumenical_altar_grove,
          minmay_misc_feat_columns, minmay_misc_feat_iff,
          nicolae_elevator_lobby_plus, uniq_crazy_yiuf_cottage
D:4:      layout_cave_pods, minmay_splitting_lines, grunt_ministairs_13,
          uniq_robin, uniq_duvessa

Skill      XL: |  1  2  3  4  5  6 |
---------------+-------------------+-----
Shields        | 4 |  4.7
Armour         | 4 5 |  5.8
Fighting       | 4 5 |  5.1
Axes           | 3 4 5 6 |  6.3

Action                     |  1- 3 |  4- 6 || total
---------------------------+-------+-------++-------
  Melee: War axe           |    64 |   125 ||   189
         Headbutt          |     8 |    19 ||    27
    Use: Scroll            |     1 |     4 ||     5
         Potion            |       |     1 ||     1
 Armour: Scale mail        |    35 |    56 ||    91
  Dodge: Dodged            |    40 |    50 ||    90
  Block: Buckler           |    10 |    29 ||    39

Table legend: (Time is in decaauts)
 A = Elapsed time spent in this place.
 B = Non-inter-level travel time spent in this place.
 C = Inter-level travel time spent in this place.
 D = Time resting spent in this place.
 E = Time spent auto-exploring this place.
 F = Levels seen in this place.
 G = Mean time per level.
                   A        B        C        D        E       F      G
               +--------+--------+--------+--------+--------+-----+--------+
         Total |   2541 |   2439 |    102 |      0 |   1896 |   4 |  635.2 |
       Dungeon |   2541 |   2439 |    102 |      0 |   1896 |   4 |  635.2 |
               +--------+--------+--------+--------+--------+-----+--------+

Top non-repeatable levels by time:
     D:3: 924 daAuts
     D:1: 639 daAuts
     D:2: 632 daAuts
     D:4: 344 daAuts
